 Dungeon Crawl Stone Soup version 0.22-a0-189-g981819d (webtiles) character file.

106 DarkTechnomancer the Digger (level 4, -2/42 HPs)
             Began as an Ogre Earth Elementalist on Feb 14, 2018.
             Slain by a worker ant (3 damage)
             ... on level 3 of the Dungeon on Feb 15, 2018.
             The game lasted 00:18:47 (4110 turns).

DarkTechnomancer the Digger (OgEE)                  Turns: 4110, Time: 00:18:48

Health: -2/42      AC:  3    Str: 12    XL:     4   Next: 84%
Magic:  6/8        EV: 15    Int: 17    God:
Gold:   138        SH:  0    Dex: 14    Spells: 5/9 levels left

rFire    . . .     SeeInvis .   n - -1 mace (curse)
rCold    . . .     Gourm    .   (no shield)
rNeg     . . .     Faith    .   c - +0 robe
rPois    .         Spirit   .   (helmet restricted)
rElec    .         Reflect  .   (no cloak)
rCorr    .         Harm     .   (gloves unavailable)
MR       .....                  (boots unavailable)
Stlth    +++.......             (no amulet)
HPRegen  0.14/turn              (no ring)
MPRegen  0.11/turn              (no ring)

@: agile, lethally poisoned (-2 -> -6)
A: large, unfitting armour, tough skin 1
a: no special abilities


You were on level 3 of the Dungeon.
You were not hungry.

You visited 1 branch of the dungeon, and saw 3 of its levels.

You collected 138 gold pieces.

Inventory:

Hand Weapons
 b - a +0 dagger
 n - a cursed -1 mace (weapon)
Missiles
 p - 20 stones (quivered)
Armour
 c - a +0 robe (worn)
Scrolls
 a - 2 scrolls of identify {unknown}
 g - a scroll of teleportation {unknown}
 i - a scroll of fog {unknown}
 j - 2 scrolls of amnesia {unknown}
 l - a scroll of fear {unknown}
 m - a scroll of magic mapping {unknown}
 q - a scroll of enchant armour {unknown}
Potions
 h - a potion of might {unknown}
Books
 e - a book of Geomancy

   Spells                             Type                      Level
   a - Sandblast                      Earth                        1
   b - Passwall                       Transmutation/Earth          2
   c - Stone Arrow                    Conjuration/Earth            3
   d - Petrify                        Transmutation/Earth          4
   e - Lee's Rapid Deconstruction     Earth                        5
Comestibles
 d - 6 rations


   Skills:
 + Level 1.7 Fighting
 * Level 1.8 Maces & Flails
 - Level 1.7 Dodging
 - Level 1.4 Stealth
 - Level 3.2 Spellcasting
   Level 0.8 Transmutations
 - Level 3.7 Earth Magic


You had 5 spell levels left.
You knew the following spells:

 Your Spells              Type           Power        Failure   Level  Hunger
a - Sandblast             Erth           ###...       3%          1    None
d - Stone Arrow           Conj/Erth      #.....       24%         3    ###....


Dungeon Overview and Level Annotations

Branches:
Dungeon (3/15)

Altars:
Cheibriados

Annotations:
D:3 lunkers's ghost, novice OpAE


Innate Abilities, Weirdness & Mutations

You are too large for most types of armour.
You have tough skin. (AC +1)


Message History

p - 21 stones The worker ant bites you!
Casting: Sandblast (safe; 3% risk of failure)
Confirm with . or Enter, or press ? or * to list all spells.
Aiming: Sandblast (safe; 3% risk of failure)
Press: ? - help, Shift-Dir - straight line, f/p - worker ant
Aim: a worker ant (moderately wounded)
The blast of sand hits the worker ant.
The worker ant is heavily wounded.
p - 20 stones The worker ant bites you.
* * * LOW HITPOINT WARNING * * *
You are poisoned.
The worker ant poisons you! The worker ant bites you.
* * * LOW HITPOINT WARNING * * *
It was a potion of agility.
You feel agile all of a sudden.
* * * LOW HITPOINT WARNING * * *
You feel sick. The worker ant bites you.
You die...

.....⌠.
#..#####........##
.# #..# #.##.###.##
.# #..###
#.##....... .#
#....# #.######+##
## # #.##.# #.#
#####. #.##.###.# #
......# #........#
.#
.!.....#####...####
.'.
........a@........+
.###
..##.#.#####...####
## #.#####..## #
#.#.......#
#.#.....#.#
#.#.###.#.# #+#
..#. #.#.# #.#
###.###.#.# ##.##
#.....#.# #....


You could see a worker ant.

Vanquished Creatures
  Natasha (D:3)
  2 adders
  2 worms (D:2)
  2 dart slugs
  3 leopard geckos
  3 orcs (D:3)
  A ball python (D:2)
  7 bats
  2 giant cockroaches
  5 hobgoblins
  A jackal (D:2)
  2 frilled lizards (D:3)
  4 goblins
  9 kobolds
  2 rats
46 creatures vanquished.

Notes
Turn   | Place    | Note
-------+----------+-------------------------------------------
     0 | D:1      | DarkTechnomancer the Ogre Earth Elementalist began the quest for the Orb.
     0 | D:1      | Reached XP level 1. HP: 16/16 MP: 3/3
   504 | D:1      | Reached XP level 2. HP: 24/24 MP: 3/5
  1083 | D:2      | Reached XP level 3. HP: 31/31 MP: 3/7
  1159 | D:2      | Upgraded the game from 0.22-a0-183-g9e71ff9 to 0.22-a0-189-g981819d
  1532 | D:2      | Learned a level 3 spell: Stone Arrow
  2926 | D:3      | Reached skill level 1 in Maces & Flails
  2926 | D:3      | Reached XP level 4. HP: 21/40 MP: 8/8
  2929 | D:3      | Reached skill level 1 in Fighting
  3514 | D:3      | Noticed Natasha
  3529 | D:3      | Killed Natasha
  3863 | D:3      | Found a snail-covered altar of Cheibriados.
  3968 | D:3      | Noticed lunkers's ghost (novice OpAE)
  4109 | D:3      | HP: 2/42 [worker ant (6)]
  4110 | D:3      | Slain by a worker ant

Vault maps used:
D:1:      kilobyte_arrival_exit_the_forest
D:2:      st_stairs_3
D:3:      marbit_many_paths, first_ration, hangedman_feature_mirror,
          minivault_27, uniq_natasha

Skill      XL: |  1  2  3  4 |
---------------+-------------+-----
Earth Magic    | 3 |  3.7
Spellcasting   | 3 |  3.2
Maces & Flails | 1 |  1.8
Fighting       | 1 |  1.7
Dodging        | |  1.7
Stealth        | |  1.4
Transmutations | |  0.8

Action                   |  1- 3 |  4- 6 || total
-------------------------+-------+-------++-------
Melee: Unarmed           |     6 |       ||     6
       Club              |    12 |       ||    12
       Mace              |    67 |    66 ||   133
       Dagger            |    10 |       ||    10
Throw: Stone             |     1 |       ||     1
 Cast: Sandblast         |    35 |     2 ||    37
       Stone Arrow       |     3 |       ||     3
  Use: Potion            |     1 |     2 ||     3
 Stab: Sleeping          |       |     1 ||     1
  Eat: Chunk             |     7 |     4 ||    11
Armor: Robe              |    26 |    23 ||    49
Dodge: Dodged            |    61 |    42 ||   103

Table legend:
 A = Spawn XP
 B = Non-spawn XP
 C = Spawn XP percentage of total XP
 D = Spawn monster count
 E = Non-spawn monster count
 F = Spawn count percentage of total count
 G = Total turns spent on level
                    A         B        C        D         E        F      G
               +---------+---------+-------+---------+---------+-------+---------
         Total |       0 |     152 |   0.0 |       0 |      46 |   0.0 |  4110
               +---------+---------+-------+---------+---------+-------+---------
           D:1 |       0 |      30 |   0.0 |       0 |      16 |   0.0 |  1491
           D:2 |       0 |      50 |   0.0 |       0 |      16 |   0.0 |  1352
           D:3 |       0 |      72 |   0.0 |       0 |      14 |   0.0 |  1267
               +---------+---------+-------+---------+---------+-------+---------
